 Dungeon Crawl Stone Soup version 0.27.1-33-g824d729ab1 (webtiles) character file.

Game seed: 8806231077459040550

80 Fulminus the Digger (level 4, 0/24 HPs)
             Began as a Gargoyle Earth Elementalist on Nov 24, 2021.
             Slain by an orc (7 damage)
             ... on level 2 of the Dungeon.
             The game lasted 00:05:52 (1999 turns).

Fulminus the Digger (Gargoyle Earth Elementalist)   Turns: 1999, Time: 00:05:53

Health: 0/24       AC:  5    Str: 12    XL:     4   Next: 39%
Magic:  0/8        EV: 11    Int: 16    God:
Gold:   80         SH:  0    Dex: 10    Spells: 5/9 levels left

rFire    . . .     SeeInvis .   s - +0 dagger (drain)
rCold    . . .     Faith    .   (no shield)
rNeg     + . .     Spirit   .   b - +0 robe
rPois    ∞         Reflect  .   (no helmet)
rElec    +         Harm     .   (no cloak)
rCorr    .         Rampage  .   (no gloves)
Will     .....                  (no boots)
Stlth    ++........             (no amulet)
HPRegen  0.08/turn              (no ring)
MPRegen  0.11/turn              (no ring)

@: no status effects
A: sickness immunity, AC +3, negative energy resistance 1, electricity
resistance, torment resistance 1, petrification resistance
a: no special abilities


You were on level 2 of the Dungeon.
You visited 1 branch of the dungeon, and saw 3 of its levels.

You collected 80 gold pieces.

Inventory:

Hand Weapons
 a - a +0 dagger
 e - a +0 whip
 s - a +0 dagger of draining (weapon)
Missiles
 c - 72 stones
Armour
 b - a +0 robe (worn)
Magical Staves
 g - a staff of death
Jewellery
 n - an amulet of guardian spirit
Wands
 o - a wand of paralysis (5)
Scrolls
 d - 3 scrolls of identify {unknown}
 f - 2 scrolls of teleportation {unknown}
 h - a scroll of enchant weapon {unknown}
 j - a scroll of enchant armour {unknown}
 k - a scroll of brand weapon {unknown}
Potions
 i - 2 potions of curing {unknown}
 l - a potion of brilliance {unknown}
 m - a potion of mutation {unknown}
 p - a potion of cancellation {unknown}
 q - 2 potions of flight {unknown}
 r - 3 potions of resistance {unknown}


   Skills:
 - Level 1.5 Dodging
 - Level 2.1 Stealth
 + Level 3.1 Spellcasting
 + Level 1.4 Conjurations
 - Level 0.7 Transmutations
 + Level 4.8 Earth Magic


You had 5 spell levels left.
You knew the following spells:

 Your Spells              Type           Power      Damage    Failure   Level
a - Sandblast             Erth           34%        2d9       2%          1
b - Stone Arrow           Conj/Erth      24%        3d8       16%         3

Your spell library contained the following spells:

 Spells                   Type           Power      Damage    Failure   Level
 Passwall                 Tmut/Erth      9%         N/A       9%          2
 Petrify                  Tmut/Erth      11%        N/A       52%         4
 Borgnjor's Vile Clutch   Necr/Erth      5%         N/A       88%         5
 Alistair's Intoxication  Tmut/Pois      2%         N/A       99%         5
 Eringya's Noxious Bog    Tmut/Pois      1%         N/A       100%        6


Dungeon Overview and Level Annotations

Branches:
Dungeon (3/15)

Altars:

Annotations:
D:3 1 transporter, Findor's ghost, amateur OpFE


Innate Abilities, Weirdness & Mutations

You are immune to sickness and miasma.
Your stone body is resilient. (AC +3)
You are immune to poison.
You resist negative energy. (rN+)
You are resistant to electric shocks. (rElec)
You are resistant to unholy torment.
You are immune to petrification.


Message History

Aim: an orc wizard, wielding a +0 dagger and wearing a +2 robe of cold resistance (heavily wounded, 74% to hit)
The blast of sand hits the orc wizard.
The orc wizard is severely wounded.
The orc wizard points at you and mumbles some strange words.
You resist with some effort. The orc hits you but does no damage.
The orc wizard mumbles some strange words.
The orc wizard flickers and vanishes!
The orc hits you but does no damage.
There is a stone staircase leading up here.
Casting: Sandblast (safe; 2% risk of failure)
Confirm with . or Enter, or press ? or * to list all spells.
Okay, then.
You can't go down here!
The orc misses you.
You hear some strange, mumbled words.
Something tries to affect you, but you resist.
You climb upwards.
Reactivating autopickup.
There is a stone staircase leading down here.
Casting: Sandblast (safe; 2% risk of failure)
Confirm with . or Enter, or press ? or * to list all spells.
Aiming: Sandblast (safe; 2% risk of failure)
Press: ? - help, Shift-Dir - straight line, f - orc
Aim: an orc, wielding a +0 war axe and wearing a +0 ring mail (82% to hit)
The blast of sand hits the orc.
The orc is moderately wounded.
The orc barely misses you.
Casting: Sandblast (safe; 2% risk of failure)
Confirm with . or Enter, or press ? or * to list all spells.
Aiming: Sandblast (safe; 2% risk of failure)
Press: ? - help, Shift-Dir - straight line, f/p - orc
Aim: an orc, wielding a +0 war axe and wearing a +0 ring mail (moderately wounded, 82% to hit)
The blast of sand hits the orc but does no damage.
The orc is moderately wounded.
The orc barely misses you.
You hit the orc but do no damage. You drain the orc.
The orc is heavily wounded.
The orc hits you with a +0 war axe!
You die...

#....#..##.#...#..###
#^...#..##...##.#...#
#.>..#..###..#..###.#
#.......#...##....#.#
####...##.##).......#
#......#†#....##.#
##..###).###..#..#
#.o###....#.##..#
##@....##....)..#
##########.#..##.#
#<.†.......##....#
##################


You could see an orc (drained).

Vanquished Creatures
  An orc priest (D:3)
  An adder (D:2)
  A dart slug (D:1)
  6 ball pythons
  4 bats
  2 endoplasms (D:1)
  4 giant cockroaches
  5 goblins
  4 hobgoblins
  2 kobolds
  A quokka (D:1)
  2 frilled lizards
  2 rats
35 creatures vanquished.

Vanquished Creatures (others)
  2 plants (D:1)
2 creatures vanquished.

Grand Total: 37 creatures vanquished

Notes
Turn   | Place    | Note
-------+----------+-------------------------------------------
     0 | D:1      | Fulminus the Gargoyle Earth Elementalist began the quest
                  | for the Orb.
     0 | D:1      | Reached XP level 1. HP: 10/10 MP: 3/3
   244 | D:1      | Reached XP level 2. HP: 13/15 MP: 5/5
   280 | D:1      | Reached skill level 4 in Earth Magic
   292 | D:1      | Found a faded altar of an unknown god.
  1163 | D:2      | Reached XP level 3. HP: 11/19 MP: 4/6
  1167 | D:2      | Learned a level 3 spell: Stone Arrow
  1936 | D:3      | Found a transporter.
  1938 | D:3      | Noticed Findor's ghost (amateur OpFE)
  1951 | D:3      | Reached skill level 1 in Conjurations
  1988 | D:3      | Reached XP level 4. HP: 12/24 MP: 3/8
  1999 | D:2      | Slain by an orc

Illustrated notes

Levels and vault maps discovered:
D:1:      dpeg_arrival_ternary, layout_basic, dreamdust_ecumenical_altar_grove
D:2:      layout_basic, minmay_pentomino_z4
D:3:      layout_basic, gammafunk_ghost_arena

Skill      XL: |  1  2  3 |
---------------+----------+-----
Earth Magic    | 4 |  4.8
Conjurations   | 1 |  1.4
Spellcasting   | 3 |  3.1
Dodging        | |  1.5
Stealth        | |  2.1
Transmutations | |  0.7

Action                   |  1- 3 |  4- 6 || total
-------------------------+-------+-------++-------
Melee: Dagger            |    39 |     1 ||    40
       Whip              |    86 |       ||    86
 Cast: Sandblast         |    16 |     4 ||    20
 Stab: Sleeping          |     4 |       ||     4
Armor: Robe              |    51 |     2 ||    53
Dodge: Dodged            |    90 |     4 ||    94
